 Dungeon Crawl Stone Soup version 0.18.1-48-g4cf74bf (webtiles) character file.

20 MTVSty1e the Digger (level 3, -2/28 HPs)
             Began as a Formicid Earth Elementalist on July 30, 2016.
             Killed from afar by Sigmund (5 damage)
             ... with a magic dart
             ... on level 2 of the Dungeon.
             The game lasted 00:04:56 (997 turns).

MTVSty1e the Digger (Formicid Earth Elementalist)    Turns: 997, Time: 00:04:57

Health: -2/28      AC:  4    Str: 10 (12) XL:     3   Next: 0%
Magic:  5/6        EV: 12    Int: 14 (15) God:
Gold:   71         SH:  0    Dex: 11 (13) Spells: 1 memorised, 5 levels left

rFire  . . .     SeeInvis +     k - +0 short sword
rCold  . . .     Gourm    .     a - +1 robe
rNeg   . . .     Faith    .     (no shield)
rPois  .         Spirit   .     (helmet unavailable)
rElec  .         Dismiss  .     (no cloak)
rCorr  .         Reflect  .     i - +0 pair of gloves
SustAt .         Harm     .     (no boots)
MR     .....                    (no amulet)
Stlth  +.........               (no ring)
                                (no ring)

@: confused, not resistant to hostile enchantments, very unstealthy
A: permanent stasis, dig shafts and tunnels, four strong arms, antennae 3, thin
skeletal structure 1, deterioration 2
a: Dig, Shaft Self


You were on level 2 of the Dungeon.
You were not hungry.

You visited 1 branch of the dungeon, and saw 2 of its levels.

You collected 71 gold pieces.

Inventory:

Hand Weapons
 k - a +0 short sword (weapon)
Missiles
 b - 118 stones (quivered)
Armour
 a - a +1 robe (worn)
 i - a +0 pair of gloves (worn)
Scrolls
 e - a scroll of magic mapping
 f - a scroll of enchant weapon {unknown}
 g - 3 scrolls of identify
 h - a scroll of teleportation
 j - 2 scrolls of remove curse
 m - a scroll of immolation {unknown}
Books
 c - a book of Geomancy

   Spells                             Type                      Level
   a - Sandblast                      Earth                        1
   b - Passwall                       Transmutation/Earth          2
   c - Stone Arrow                    Conjuration/Earth            3
   d - Petrify                        Transmutation/Earth          4
   e - Lee's Rapid Deconstruction     Earth                        5
Comestibles
 d - a bread ration


   Skills:
 * Level 2.5 Fighting
 - Level 1.7 Dodging
 - Level 2.4 Stealth
 - Level 2.1 Spellcasting
   Level 1.1 Transmutations
 - Level 3.6 Earth Magic


You had 5 spell levels left.
You knew the following spells:

 Your Spells              Type           Power        Failure   Level  Hunger
a - Sandblast             Erth           ##....       6%          1    #......


Dungeon Overview and Level Annotations

Branches:
Dungeon (2/15)

Altars:

Annotations:
D:2 Sigmund


Innate Abilities, Weirdness & Mutations

You are under a permanent stasis effect.
You can dig through walls and to a lower floor.
Your four strong arms can wield two-handed weapons with a shield.
You have a pair of large antennae on your head (SInv).
You have a somewhat thin skeletal structure (Dex +2, Stealth).
Your body often deteriorates upon taking damage.


Message History

You are confused.
You're too confused to cast spells.
You're too confused!
Unknown command.
You hit Sigmund.
Sigmund is severely wounded.
Sigmund hits you but does no damage.
You bump into the rock wall.
Sigmund closely misses you.
You bump into the rock wall.
You closely miss Sigmund.
Sigmund is severely wounded.
Sigmund hits you but does no damage.
You barely miss Sigmund.
Sigmund is severely wounded.
You feel less confused. Sigmund casts a spell at you.
You are confused.
Sigmund casts a spell at you. The magic dart hits you!
You die...

..# #.# #.#
...#.# .....%
...#.# #.##@#
#.##.# #.#@.#
#.#.##
####.#.##
#.......# #
#####.#####.#
##. #...#.# .#
...##...#.# .#
#.......# .#
#.......#####.#


You could see Sigmund.

Vanquished Creatures
  3 dart slugs (D:1)
  A giant gecko (D:1)
  A goblin (D:1)
  2 hobgoblins (D:1)
  2 bats (D:1)
  2 giant newts (D:1)
  A kobold (D:1)
  3 rats (D:1)
15 creatures vanquished.

Notes
Turn   | Place    | Note
--------------------------------------------------------------
     0 | D:1      | MTVSty1e the Formicid Earth Elementalist began the quest for the Orb.
     0 | D:1      | Reached XP level 1. HP: 13/13 MP: 3/3
   115 | D:1      | Reached skill level 1 in Fighting
   128 | D:1      | Reached XP level 2. HP: 22/22 MP: 0/5
   555 | D:1      | Gained mutation: Your body sometimes deteriorates upon taking damage. [potion of mutation]
   555 | D:1      | Gained mutation: Your body often deteriorates upon taking damage. [potion of mutation]
   555 | D:1      | Gained mutation: You have a somewhat thin skeletal structure (Dex +2, Stealth). [potion of mutation]
   811 | D:1      | Reached XP level 3. HP: 21/28 MP: 3/6
   976 | D:2      | Noticed Sigmund
   997 | D:2      | Killed from afar by Sigmund

Skill      XL: |  1  2 |
---------------+-------+-----
Fighting       | 1 2 |  2.5
Dodging        | |  1.7
Stealth        | |  2.4
Spellcasting   | |  2.1
Transmutations | |  1.1
Earth Magic    | |  3.6

Action                   || total
-------------------------++-------
Melee: Unarmed           ||    59
       Short sword       ||     7
Throw: Stone             ||     1
 Cast: Sandblast         ||    23
  Use: Scroll            ||     5
       Potion            ||     2
 Stab: Sleeping          ||     1
  Eat: Bread ration      ||     1
Armor: Robe              ||    16
Dodge: Dodged            ||    50
